 Dungeon Crawl Stone Soup version 0.21.1-1-g345015f (webtiles) character file.

254 chorionicmirror the Conjurer (level 5, -1/40 HPs)
             Began as a Demigod Conjurer on June 9, 2018.
             Killed from afar by an orc wizard (10 damage)
             ... with a magic dart
             ... on level 3 of the Dungeon.
             The game lasted 00:19:38 (2563 turns).

chorionicmirror the Conjurer (Demigod Conjurer)     Turns: 2563, Time: 00:19:39

Health: -1/40      AC:  7    Str: 13    XL:     5   Next: 59%
Magic:  5/11       EV: 11    Int: 26    God:
Gold:   38         SH:  0    Dex: 16    Spells: 4/8 levels left

rFire    . . .     SeeInvis .   l - +0 spear (freeze)
rCold    . . .     Gourm    .   (no shield)
rNeg     . . .     Faith    .   o - +0 ring mail
rPois    .         Spirit   .   f - +0 helmet
rElec    .         Reflect  .   (no cloak)
rCorr    .         Harm     .   (no gloves)
MR       .....                  a - +0 pair of boots
Stlth    +.........             (no amulet)
HPRegen  0.13/turn              k - +4 ring of intelligence
MPRegen  0.12/turn              j - +3 ring of intelligence

@: no status effects
A: high mp 1
a: no special abilities


You were on level 3 of the Dungeon.
You were hungry.

You visited 1 branch of the dungeon, and saw 3 of its levels.

You collected 38 gold pieces.

Inventory:

Hand Weapons
 l - a +0 spear of freezing (weapon)
Armour
 a - a +0 pair of boots (worn)
 f - a +0 helmet (worn)
 o - a +0 ring mail (worn)
Jewellery
 j - a +3 ring of intelligence (right hand)
 k - a +4 ring of intelligence (left hand)
Wands
 e - a wand of random effects (15)
Scrolls
 g - a scroll of amnesia {unknown}
 i - 3 scrolls of teleportation
 m - 3 scrolls of remove curse
Books
 b - a book of Conjurations

   Spells                             Type                      Level
   a - Magic Dart                     Conjuration                  1
   b - Searing Ray                    Conjuration                  2
   c - Dazzling Spray                 Conjuration/Hexes            3
   d - Fulminant Prism                Conjuration/Hexes            4
   e - Force Lance                    Conjuration/Translocation    4
   f - Iskenderun's Mystic Blast      Conjuration                  4
Comestibles
 c - 3 rations


   Skills:
 * Level 1.3 Fighting
 * Level 2.0 Polearms
 * Level 1.6 Armour
 * Level 2.4 Dodging
 - Level 1.8 Stealth
 - Level 0.1 Unarmed Combat
 * Level 2.3 Spellcasting
 * Level 4.6 Conjurations
 * Level 1.0 Hexes


You had 4 spell levels left.
You knew the following spells:

 Your Spells              Type           Power        Failure   Level  Hunger
a - Magic Dart            Conj           ####         3%          1    None
b - Dazzling Spray        Conj/Hex       ###...       21%         3    ###....


Dungeon Overview and Level Annotations

Branches:
Dungeon (3/15)


Innate Abilities, Weirdness & Mutations

You have an increased reservoir of magic. (+10% MP)


Message History

The orc wizard barely misses you.
You hit the orc wizard. You freeze the orc wizard.
The orc wizard is almost dead.
The orc wizard mumbles some strange words.
The orc wizard flickers and vanishes!
Deactivating autopickup; reactivate with Ctrl-A.
You barely miss something. Something hits you but does no damage.
You hear some strange, mumbled words.
A puff of frost appears from out of thin air!
The puff of frost hits you!
You aren't carrying any potions.
Okay, then.
You hear some strange, mumbled words.
A puff of frost appears from out of thin air!
The puff of frost hits you!
* * * LOW HITPOINT WARNING * * *
You are feeling hungry.
A magic dart appears from out of thin air!
The magic dart hits you!
You die...

... .. .. .## ..#
#.# #.# .......#@#
.≈...≈.#.##########
.....o.#.#........#
..))).o#.#...>....#
....o.o#o#........#
.≈...≈.#.#........#
.......#o..<......#
.........#........#
.......###........#


You could see an orc priest and an orc.

Vanquished Creatures
  2 orc priests (D:3)
  Terence (D:2)
  Robin (D:2)
  3 gnolls (D:2)
  5 adders (D:2)
  An ooze (D:2)
  2 leopard geckos
  2 orcs (D:3)
  5 bats
  3 giant cockroaches
  17 goblins
  15 hobgoblins
  3 jackals (D:2)
  A quokka (D:2)
  3 frilled lizards (D:2)
  8 kobolds
  7 rats
79 creatures vanquished.

Notes
Turn   | Place    | Note
-------+----------+-------------------------------------------
     0 | D:1      | chorionicmirror the Demigod Conjurer began the quest for the Orb.
     0 | D:1      | Reached XP level 1. HP: 14/14 MP: 5/5
    79 | D:1      | Reached skill level 4 in Conjurations
   268 | D:1      | Reached XP level 2. HP: 20/20 MP: 2/7
   565 | D:1      | Reached XP level 3. HP: 26/26 MP: 8/8
   622 | D:1      | Learned a level 3 spell: Dazzling Spray
   688 | D:2      | Noticed Terence
   715 | D:2      | Killed Terence
  1051 | D:2      | Reached XP level 4. HP: 13/34 MP: 9/9
  1303 | D:2      | Reached skill level 1 in Armour
  1364 | D:2      | Noticed Robin
  1384 | D:2      | Killed Robin
  1384 | D:2      | Reached skill level 1 in Polearms
  1544 | D:2      | Reached skill level 1 in Fighting
  2024 | D:2      | Reached XP level 5. HP: 33/40 MP: 1/11
  2551 | D:3      | Reached skill level 1 in Hexes
  2563 | D:3      | Killed from afar by an orc wizard

Skill      XL: |  1  2  3  4  5 |
---------------+----------------+-----
Conjurations   | 4 |  4.6
Dodging        | 2 |  2.4
Spellcasting   | 2 |  2.3
Armour         | 1 |  1.6
Polearms       | 1 2 |  2.0
Fighting       | 1 |  1.3
Hexes          | 1 |  1.0
Stealth        | |  1.8
Unarmed Combat | |  0.1

Action                   |  1- 3 |  4- 6 || total
-------------------------+-------+-------++-------
Melee: Unarmed           |     7 |       ||     7
       Spear             |    90 |   132 ||   222
       Club              |    28 |       ||    28
       Punch             |     1 |       ||     1
 Cast: Magic Dart        |    24 |     1 ||    25
       Dazzling Spray    |     2 |    12 ||    14
  Use: Scroll            |     2 |       ||     2
       Potion            |     2 |     1 ||     3
 Stab: Sleeping          |       |     2 ||     2
  Eat: Chunk             |     1 |     6 ||     7
Armor: Scale mail        |    59 |       ||    59
       Ring mail         |    15 |    46 ||    61
Dodge: Dodged            |    92 |    62 ||   154
